 Dungeon Crawl Stone Soup version 0.14-a0-1007-gacdcbbe (webtiles) character file.

277 Ololoev the Grave Robber (level 4, 0/30 HPs)
             Began as a Mummy Necromancer on Nov 22, 2013.
             Slain by an orc wizard
             ... wielding a -1,+1 orcish dagger
              (3 damage)
             ... on Level 3 of the Dungeon.
             The game lasted 00:12:49 (2562 turns).

Ololoev the Grave Robber (Mummy Necromancer)        Turns: 2562, Time: 00:12:49

HP   0/30        AC  2     Str 11      XL: 4   Next: 75%
MP   0/7         EV 12     Int 15      God:
Gold 157         SH  0     Dex 12      Spells:  2 memorised,  3 levels left

Res.Fire  : x . .   See Invis. : .   i - +1,+0 whip
Res.Cold  : + . .   Warding    : .   a - +0 robe
Life Prot.: + + +   Conserve   : .   (no shield)
Res.Poison: +       Res.Corr.  : .   (no helmet)
Res.Elec. : .       Clarity    : .   (no cloak)
Sust.Abil.: . .     Spirit.Shd : .   (no gloves)
Res.Mut.  : .       Stasis     : .   (no boots)
Res.Rott. : +       Flight     : .   (no amulet)
Saprovore : . . .                    (no ring)
                                     (no ring)

@: slightly resistant to hostile enchantments, unstealthy
A: no food or potions, fire vulnerability, restore body, cold resistance 1, life
protection 3, poison resistance, torment resistance, unbreathing
a: no special abilities


You were on level 3 of the Dungeon.
You were not hungry.

You visited 1 branch of the dungeon, and saw 3 of its levels.

You collected 157 gold pieces.

Inventory:

Hand weapons
 i - a +1,+0 whip (weapon)
Armour
 a - a +0 robe (worn)
Scrolls
 c - a scroll of enchant weapon II {unknown}
 d - 2 scrolls of fog {unknown}
 e - 3 scrolls of teleportation {unknown}
 f - 2 scrolls of enchant weapon I {unknown}
 g - 4 scrolls of identify {unknown}
 h - a scroll of random uselessness {unknown}
 j - a scroll of remove curse {unknown}
 k - a scroll of curse jewellery {unknown}
Jewellery
 l - an uncursed ring of magical power {unknown}
Books
 b - a book of Necromancy

   Spells                             Type                      Level
   *Pain                              Necromancy                   1
   *Animate Skeleton                  Necromancy                   1
   Lethal Infusion                    Charms/Necromancy            2
   Vampiric Draining                  Necromancy                   3
   Regeneration                       Charms/Necromancy            3
   Animate Dead                       Necromancy                   4
   Control Undead                     Necromancy                   4


   Skills:
 - Level 1.5 Dodging
 - Level 1.5 Stealth
 - Level 1.0 Spellcasting
 + Level 6.2 Necromancy


You had 3 spell levels left.
You knew the following spells:

 Your Spells              Type           Power        Failure   Level  Hunger
a - Pain                  Necr           ###.         1%          1    N/A
b - Animate Skeleton      Necr           N/A          1%          1    N/A

Dungeon Overview and Level Annotations

Branches:
Dungeon (3/16)

Altars:
Makhleb
Zin

Annotations:
D:3 Crazy Yiuf


Innate Abilities, Weirdness & Mutations

You do not eat or drink.
Your flesh is vulnerable to fire.
Your flesh is cold resistant.
You are immune to negative energy.
Your system is resistant to poisons.
You are immune to unholy pain and torment.
You can survive without breathing.


Message History

Casting: Pain
Confirm with . or Enter, or press ? or * to list all spells.
Okay, then.
Your kobold skeleton hits it but does no damage.
It hits you.
You barely miss it. It hits you.
Your kobold skeleton barely misses it.
Casting: Pain
Confirm with . or Enter, or press ? or * to list all spells.
Aiming: Pain
Press: ? - help, Shift-Dir - straight line Nothing appears to happen.
You hear some strange, mumbled words.
The magic dart hits you!
* * * LOW HITPOINT WARNING * * *
You miss it.
Your kobold skeleton hits it with an elven short sword.
It hits you.
* * * LOW HITPOINT WARNING * * *
You miss it. It hits you.
You die...

.....# #.#....# .....#
#.#.#..### ..>..#
#.#.#....#
%....####z#.#....#
##......z.#.#....#
#....#####.#....# ..
##....#<....#...z###....
.'.........((.))z{.......
##.!............@###....
#...#########...# .
#..........[....#
#....########.#.# #....#
#...# #..z.# #.###
#####z# #.# .z....# #.#
.###### #.#


You could see 2 friendly kobold skeletons.

Vanquished Creatures
  A hound (D:2)
  2 adders
  A giant mite (D:2)
  2 worms
  An ooze (D:2)
  2 orcs (D:3)
  4 giant cockroaches
  8 goblins
  4 hobgoblins
  A quokka (D:3)
  8 bats
  A giant gecko (D:1)
  2 giant newts (D:2)
  7 kobolds
  7 rats
51 creatures vanquished.

Vanquished Creatures (collateral kills)
  An ooze (D:2)
  An orc (D:3)
  A bat (D:1)
  A goblin (D:1)
  A hobgoblin (D:2)
  A rat (D:3)
6 creatures vanquished.

Vanquished Creatures (others)
  A kobold skeleton (D:3)
1 creature vanquished.

Grand Total: 58 creatures vanquished

Notes
Turn   | Place    | Note
--------------------------------------------------------------
     0 | D:1      | Ololoev, the Mummy Necromancer, began the quest for the Orb.
     0 | D:1      | Reached XP level 1. HP: 13/13 MP: 3/3
     4 | D:1      | Learned a level 1 spell: Animate Skeleton
   339 | D:1      | Reached XP level 2. HP: 19/19 MP: 0/4
   855 | D:2      | Found a glowing silver altar of Zin.
   915 | D:2      | Reached skill level 5 in Necromancy
   943 | D:2      | Reached XP level 3. HP: 24/24 MP: 0/5
  1368 | D:2      | Found a burning altar of Makhleb.
  1372 | D:2      | Reached XP level 4. HP: 30/30 MP: 4/7
  1808 | D:3      | Noticed Crazy Yiuf
  2160 | D:3      | Reached skill level 6 in Necromancy
  2562 | D:3      | Slain by an orc wizard

Action                   |  1- 3 |  4- 6 || total
-------------------------+-------+-------++-------
Melee: Whip              |     9 |    28 ||    37
       Unarmed           |     1 |       ||     1
 Cast: Pain              |    56 |    41 ||    97
       Animate Skeleton  |     3 |     3 ||     6
